 Dungeon Crawl Stone Soup version 0.31-a0-544-gceb718ecc6 (webtiles) character file.

Game seed: 111207193558486464

120 lunkers the Insei (level 5, -10/40 HPs)
             Began as a Meteoran Shapeshifter on Aug 15, 2023.
             Mangled by an ogre
             ... wielding a +0 giant club
              (16 damage)
             ... on level 4 of the Dungeon.
             The game lasted 00:02:04 (1558 turns).

lunkers the Insei (Meteoran Shapeshifter)           Turns: 1558, Time: 00:02:04

Health: -10/40     AC:  5    Str: 16    XL:     5   Next: 50%
Magic:  15/15      EV: 11    Int:  9    God:
Gold:   149        SH:  0    Dex: 17    Spells: 4/4 levels left

rFire   . .          .
                       - Unarmed
rCold   . . .        (no shield)
rNeg    . . .        m - +0 ring mail
rPois   .            (helmet currently unavailable)
rElec   .            (cloak currently unavailable)
rCorr   .            (gloves currently unavailable)
SInv    .            (boots currently unavailable)
Will    .....        (no amulet)
Stlth   +            l - ring of magical power
HPRegen 0.26/turn    (no ring)
MPRegen 0.14/turn

%: no passive effects
@: beast-form, glowing
A: beast (slay +3), sense surroundings 1, otherworldly, glowing, explore regen
a: Begin Untransformation


You were on level 4 of the Dungeon.
You were a hulking beast.
You visited 1 branch of the dungeon, and saw 4 of its levels.

You collected 149 gold pieces.

Inventory:

Armour
 a - a +0 animal skin
 m - a +0 ring mail (worn)
Jewellery
 l - a ring of magical power (left hand)
Talismans
 c - a beast talisman (active)
 d - a flux talisman
Scrolls
 f - a scroll of noise {unknown}
 i - a scroll of poison {unknown}
 j - a scroll of revelation {unknown}
 k - a scroll of torment {unknown}
 o - a scroll of enchant armour {unknown}
Potions
 b - a potion of lignification
 e - a potion of cancellation {unknown}
 g - a potion of mutation {unknown}
 h - 3 potions of curing {unknown}
 n - a potion of berserk rage {unknown}


   Skills:
 - Level 1.1 Fighting
 - Level 2.1 Dodging
 * Level 5.8 Unarmed Combat
 + Level 4.5 Shapeshifting


You had 4 spell levels left.
You didn't know any spells.
Your spell library contained the following spells:

 Spells                   Type           Power      Damage    Failure   Level
 Apportation              Tloc           0%         N/A       61%         1
 Magic Dart               Conj           0%         1d3       61%         1
 Necrotise                Necr           0%         1d4       61%         1
 Summon Small Mammal      Summ           0%         N/A       61%         1
 Call Imp                 Summ           0%         N/A       75%         2
 Mephitic Cloud           Conj/Pois/Air  0%         N/A       93%         3


Dungeon Overview and Level Annotations

Branches:
Dungeon (4/15) Zot: 847
 Temple: D:4-7

Altars:

Shops:
D:3 :


Innate Abilities, Weirdness & Mutations

You are a hulking beast.
Your limbs bulge with bestial killing power. (Slay +3)
You passively map a small area around you.
You are easily found by Zot.
You glow in the dark.
You regain HP and MP as you explore.


Message History

Found 4 stones.
No target in view!
No target in view!
n - a viscous yellow potion No target in view!
Found a leather armour.
No target in view!
No target in view!
You see here 4 stones.
You open the door.
There is an open door here.
h - 3 silvery potions (gained 2)
You now have 149 gold pieces (gained 8).
You open the door.
There is an open door here.
o - a scroll labelled XEYXOE MOBI No target in view!
No target in view!
Found a stone staircase leading up.
No target in view!
There is a stone staircase leading up here.
You open the door.
An ogre comes into view. It is wielding a +0 giant club.
The ogre shouts!
A scorpion comes into view.
There is an open door here.
The ogre hits you with a +0 giant club!!
Ouch! That really hurt!
* * * LOW HITPOINT WARNING * * *
You closely miss the ogre. The ogre barely misses you.
You hit the ogre. You punch the ogre.
The ogre is moderately wounded.
You hit the ogre. Your punch misses the ogre.
The ogre is moderately wounded.
The ogre hits you with a +0 giant club!
* * * LOW HITPOINT WARNING * * *
You punch the ogre!
The ogre is severely wounded.
The scorpion closely misses you. The ogre hits you with a +0 giant club!
You die...

##.##.# #####.### #
##...#.# #.......# #
#.###.....<###.###.#.#
# * #..............#
#.#.# ,
#######.##.#######.#.#
* * #.##.........#.# *
#.############.# *
##'## #.# , #.h.# #.#
* #.sO..#* ####.# ,**
*#.......#* ##....#
#.........####...#####
*
+.........+...........
,
#.........####...#####
* ##.......## ##..# *
##.....## * ##.# * ,
..#


You could see an ogre and a scorpion.

Vanquished Creatures
  An orc wizard (D:3)
  3 adders
  A gnoll (D:1)
  3 dart slugs
  12 orcs (D:3)
  5 bats
  An endoplasm (D:1)
  2 giant cockroaches
  2 goblins
  2 jackals (D:3)
  2 kobolds
  2 quokkas
  5 ball pythons
  A frilled lizard (D:3)
42 creatures vanquished.

Notes
Turn   | Place    | Note
-------+----------+-------------------------------------------
     0 | D:1      | lunkers the Meteoran Shapeshifter began the quest for the
                  | Orb.
     0 | D:1      | Reached XP level 1. HP: 16/16 MP: 2/2
   166 | D:1      | Reached skill level 4 in Unarmed Combat
   166 | D:1      | Reached XP level 2. HP: 20/23 MP: 3/3
   287 | D:1      | Reached XP level 3. HP: 22/28 MP: 4/4
   761 | D:3      | Reached XP level 4. HP: 14/35 MP: 5/5
   793 | D:3      | Reached skill level 5 in Unarmed Combat
   888 | D:3      | Found Radasus's Book Shoppe.
  1139 | D:3      | Reached XP level 5. HP: 39/40 MP: 6/6
  1552 | D:4      | Noticed an ogre
  1558 | D:4      | Mangled by an ogre

Illustrated notes

Levels and vault maps discovered:
D:1:      scummos_arrival_simple_crosswalls, layout_basic,
          shapermc_ecumenical_altar_starsandcircs, hangedman_decor_slide_cut
D:2:      layout_basic, minmay_misc_feat_hallway, kennysheep_generic_room_13
D:3:      layout_basic, serial_shops, shop, chequers_serial_rivers_room_b,
          kennysheep_potato
D:4:      layout_loops_corners, dk_yredelemnul_ordeal, hangedman_feature_mirror,
          uniq_robin, uniq_sigmund

Skill      XL: |  1  2  3  4 |
---------------+-------------+-----
Unarmed Combat | 4 5 |  5.8
Shapeshifting  | 4 |  4.5
Fighting       | |  1.1
Dodging        | |  2.1

Action                     |  1- 3 |  4- 6 || total
---------------------------+-------+-------++-------
  Melee: Unarmed           |    41 |    70 ||   111
         Punch             |       |     5 ||     5
 Armour: Animal skin       |     2 |       ||     2
         Ring mail         |       |    15 ||    15
  Dodge: Dodged            |    28 |    27 ||    55

Table legend: (Time is in decaauts)
 A = Elapsed time spent in this place.
 B = Non-inter-level travel time spent in this place.
 C = Inter-level travel time spent in this place.
 D = Time resting spent in this place.
 E = Time spent auto-exploring this place.
 F = Levels seen in this place.
 G = Mean time per level.
                   A        B        C        D        E       F      G
               +--------+--------+--------+--------+--------+-----+--------+
         Total |   1551 |   1499 |     52 |      0 |   1228 |   4 |  387.8 |
       Dungeon |   1551 |   1499 |     52 |      0 |   1228 |   4 |  387.8 |
               +--------+--------+--------+--------+--------+-----+--------+

Top non-repeatable levels by time:
     D:3: 677 daAuts
     D:1: 385 daAuts
     D:2: 330 daAuts
     D:4: 159 daAuts
